 Dungeon Crawl Stone Soup version 0.21.1-1-g345015fe64 (webtiles) character file.

487 Peloso the Shield-Bearer (level 6, 0/53 HPs)
             Began as a Minotaur Fighter on June 7, 2018.
             Killed from afar by Dowan (23 damage)
             ... with a shard of ice
             ... on level 4 of the Dungeon.
             The game lasted 00:06:00 (2599 turns).

Peloso the Shield-Bearer (Minotaur Fighter)         Turns: 2599, Time: 00:06:00

Health: 0/53       AC: 11    Str: 21    XL:     6   Next: 89%
Magic:  5/5        EV:  6    Int:  5    God:
Gold:   101        SH: 11    Dex: 11    Spells: 5/5 levels left

rFire    . . .     SeeInvis .   a - +1 long sword
rCold    . . .     Gourm    .   c - +1 shield
rNeg     . . .     Faith    .   b - +0 chain mail
rPois    .         Spirit   .   (helmet restricted)
rElec    .         Reflect  .   n - +0 cloak
rCorr    .         Harm     .   (no gloves)
MR       .....                  (no boots)
Stlth    ..........             (no amulet)
HPRegen  0.17/turn              (no ring)
MPRegen  0.09/turn              (no ring)

@: no status effects
A: retaliatory headbutt, horns 2
a: no special abilities


You were on level 4 of the Dungeon.
You were not hungry.

You visited 1 branch of the dungeon, and saw 4 of its levels.

You collected 101 gold pieces.

Inventory:

Hand Weapons
 a - a +1 long sword (weapon)
Missiles
 w - 50 bolts
Armour
 b - a +0 chain mail (worn)
 c - a +1 shield (worn)
 n - a +0 cloak (worn)
Scrolls
 e - a scroll of enchant armour
 h - a scroll of amnesia
 i - 2 scrolls of remove curse
 j - a scroll of random uselessness {unknown}
 k - a scroll of identify
 t - 2 scrolls of teleportation
Potions
 d - a potion of might
 g - a potion of resistance
 l - 3 potions of heal wounds
 m - 5 potions of curing
 q - a potion of invisibility
 r - 2 potions of ambrosia
 s - a potion of degeneration {unknown}
 u - 3 potions of brilliance {unknown}
Books
 v - a book of Minor Magic

   Spells                             Type                      Level
   a - Magic Dart                     Conjuration                  1
   b - Blink                          Translocation                2
   c - Call Imp                       Summoning                    2
   d - Slow                           Hexes                        2
   e - Conjure Flame                  Conjuration/Fire             3
   f - Mephitic Cloud                 Conjuration/Poison/Air       3
Comestibles
 f - 5 rations
 x - 6 chunks of flesh


   Skills:
 + Level 4.7 Fighting
 + Level 5.5 Long Blades
 + Level 5.3 Armour
 + Level 1.2 Dodging
 + Level 0.3 Stealth
 + Level 5.8 Shields


You had 5 spell levels left.
You didn't know any spells.

Dungeon Overview and Level Annotations

Branches:
Dungeon (4/15)             Temple (0/1) D:4

Altars:

Annotations:
D:4 Dowan


Innate Abilities, Weirdness & Mutations

You reflexively headbutt those who attack you in melee.
You have a pair of horns on your head.


Message History

You miss Dowan. Dowan hits you but does no damage.
Your chain mail prevents you from hitting Dowan.
You headbutt Dowan!
Dowan is heavily wounded.
You block Dowan's attack. Dowan hits you but does no damage.
You barely miss Dowan.
Dowan is heavily wounded.
Dowan hits you with a dagger.
The phantom blinks!
Dowan zaps a wand.
The puff of flame hits you!
It is a wand of flame (26).
You hit Dowan but do no damage. You headbutt Dowan.
Dowan is heavily wounded.
You block Dowan's attack.
Dowan zaps a wand.
The puff of flame hits you!
You miss Dowan. Your headbutt misses Dowan.
Dowan is heavily wounded.
You block Dowan's attack.
You closely miss Dowan. You headbutt Dowan!
Dowan is almost dead.
Dowan gestures at you while chanting. The shard of ice hits you!
You die...

**,********,* *,* *,* *,* *,*
*,****** #,* *,,,,,,* #.*
******,* #.##* *,,.###>..*
*,,.....#.##################*
*,,.......le@...............,
*∩,......#W#########'######**
* *,,....#,#.#* #.......#
*****,,e..,*,#%.# #.......#
,,*,,,,.,,,*,##.#* #.......#
*,*,**,,,,,*,**.W****#.......#
,,,,*,,,****,**.%$,,,#.......#
*,***,*** *,**....,,#.......#
*,,,,,******,**.....,###+#####


You could see a phantom, Dowan and a frilled lizard.

Vanquished Creatures
  Duvessa (D:4)
  An ogre (D:4)
  A howler monkey (D:4)
  An orc priest (D:3)
  2 orc wizards (D:3)
  A worker ant (D:4)
  5 adders
  2 oozes
  4 worms
  4 dart slugs
  2 leopard geckos
  12 orcs
  4 giant cockroaches
  9 goblins
  6 hobgoblins
  3 jackals (D:1)
  5 kobolds
  8 bats
  6 frilled lizards
  7 rats
84 creatures vanquished.

Notes
Turn   | Place    | Note
-------+----------+-------------------------------------------
     0 | D:1      | Peloso the Minotaur Fighter began the quest for the Orb.
     0 | D:1      | Reached XP level 1. HP: 19/19 MP: 0/0
   112 | D:1      | Reached XP level 2. HP: 11/27 MP: 1/1
   519 | D:1      | Reached XP level 3. HP: 30/33 MP: 2/2
   816 | D:2      | Reached skill level 1 in Dodging
  1000 | D:2      | Reached XP level 4. HP: 32/40 MP: 3/3
  1347 | D:3      | Reached skill level 5 in Shields
  1347 | D:3      | Reached XP level 5. HP: 24/47 MP: 4/4
  2125 | D:4      | Noticed an ogre
  2132 | D:4      | Killed an ogre
  2132 | D:4      | Reached XP level 6. HP: 26/53 MP: 5/5
  2133 | D:4      | Reached skill level 5 in Armour
  2573 | D:4      | Noticed Duvessa
  2575 | D:4      | Noticed Dowan
  2590 | D:4      | Killed Duvessa
  2590 | D:4      | Reached skill level 5 in Long Blades
  2599 | D:4      | Killed from afar by Dowan

Skill      XL: |  1  2  3  4  5  6 |
---------------+-------------------+-----
Shields        | 4 5 |  5.8
Armour         | 4 5 |  5.3
Fighting       | 4 |  4.7
Long Blades    | 3 4 5 |  5.5
Dodging        | 1 |  1.2
Stealth        | |  0.3

Action                   |  1- 3 |  4- 6 || total
-------------------------+-------+-------++-------
Melee: Long sword        |   110 |   147 ||   257
       Headbutt          |    20 |    30 ||    50
  Use: Potion            |       |     1 ||     1
       Scroll            |       |    12 ||    12
  Eat: Chunk             |     1 |     5 ||     6
Armor: Scale mail        |    57 |       ||    57
       Chain mail        |       |    52 ||    52
Dodge: Dodged            |    36 |    27 ||    63
Block: Shield            |    76 |    87 ||   163
       Rpst.: Long sword |     8 |     7 ||    15
